 Dungeon Crawl Stone Soup version 0.30-a0-721-ga6a225cb13 (webtiles) character file.

Game seed: 3908532649462623610

159 Bnni the Vexing (level 5, -1/38 HPs)
             Began as a Formicid Hexslinger on Jan 27, 2023.
             Slain by Pikel
             ... wielding a +2 whip of flaming
              (10 damage)
             ... on level 4 of the Dungeon.
             The game lasted 00:06:04 (2953 turns).

Bnni the Vexing (Formicid Hexslinger)               Turns: 2953, Time: 00:06:05

Health: -1/38      AC:  4    Str: 14    XL:     5   Next: 68%
Magic:  0/7        EV: 12    Int: 15    God:
Gold:   136        SH:  0    Dex: 14    Spells: 3/7 levels left

rFire   . . .      SeeInvis +    a - +1 sling
rCold   . . .      Faith    .    (no shield)
rNeg    . . .      Spirit   .    c - +0 robe
rPois   .          Reflect  .    (helmet unavailable)
rElec   .          Harm     .    n - +0 cloak {Stlth+}
rCorr   .          Rampage  .    (no gloves)
Will    +....                    j - +0 pair of boots
Stlth   ++                       (no amulet)
HPRegen 0.26/turn                f - ring of willpower
MPRegen 0.10/turn                (no ring)

@: no status effects
A: permanent stasis, dig shafts and tunnels, antennae 3, four strong arms
a: Dig, Shaft Self


You were on level 4 of the Dungeon.
You visited 1 branch of the dungeon, and saw 4 of its levels.

You collected 136 gold pieces.

Inventory:

Hand Weapons
 a - a +1 sling (weapon)
Armour
 c - a +0 robe (worn)
 j - a +0 pair of boots (worn)
 n - a +0 cloak of stealth (worn)
Jewellery
 f - a ring of willpower (left hand)
 m - the amulet "Etycerog" {RegenMP rC++ rN+ Will+ MP-9 Dex+2}
   (You found it on level 3 of the Dungeon)

   [amulet of magic regeneration]

   It increases your rate of magic regeneration.
   Dex:       It affects your dexterity (+2).
   rC:        It greatly protects you from cold.
   rN:        It protects you from negative energy.
   MP:        It affects your magic capacity (-9).
   Will:      It increases your willpower.
Scrolls
 b - 2 scrolls of poison
 g - a scroll of identify
 h - 2 scrolls of teleportation {unknown}
 i - a scroll of enchant weapon
Potions
 e - 2 potions of curing
 k - a potion of attraction


   Skills:
 + Level 1.9 Fighting
 * Level 3.1 Ranged Weapons
 - Level 1.7 Dodging
 + Level 1.9 Spellcasting
 * Level 4.6 Hexes
 * Level 2.4 Fire Magic


You had 3 spell levels left.
You knew the following spells:

 Your Spells              Type           Power      Damage    Failure   Level
a - Slow                  Hex            60%        N/A       3%          1
b - Inner Flame           Hex/Fire       12%        N/A       16%         3

Your spell library contained the following spells:

 Spells                   Type           Power      Damage    Failure   Level
 Apportation              Tloc           2%         N/A       22%         1
 Shock                    Conj/Air       4%         1d3       22%         1
 Portal Projectile        Hex/Tloc       16%        N/A       26%         3
 Ignite Poison            Fire/Tmut/Pois 3%         N/A       43%         3
 Kindle Blastsparks       Fire/Tloc/Air  6%         2d10      43%         3
 Cause Fear               Hex            7%         N/A       32%         4
 Alistair's Intoxication  Tmut/Pois      0%         N/A       99%         5
 Freezing Cloud           Conj/Ice/Air   0%         6-21      99%         5


Dungeon Overview and Level Annotations

Branches:
Dungeon (4/15)
 Temple: D:4-7

Altars:
Hepliaklqana
Nemelex Xobeh
Qazlal

Annotations:
D:4 Pikel


Innate Abilities, Weirdness & Mutations

You cannot be hasted, slowed, berserked, paralysed or teleported.
You can dig through walls and to a lower floor.
You have a pair of large antennae on your head. (SInv)
Your four strong arms can wield two-handed weapons with a shield.


Message History

Pikel misses you.
Pikel hits you with a +2 whip of flaming.
Pikel burns you.
* * * LOW HITPOINT WARNING * * *
Your magical contamination has completely faded away.
Fire: a) +1 sling
Press: ? - help, Shift-Dir - straight line, f/p - Pikel
Aim: Pikel, wielding a +2 whip of flaming and wearing a +0 robe (50% to hit)
You shoot a sling bullet. The sling bullet hits Pikel.
Pikel is lightly wounded.
Pikel hits you but does no damage.
Casting: Slow (safe; 3% risk of failure)
Confirm with . or Enter, or press ? or * to list all spells.
Aiming: Slow (safe; 3% risk of failure)
Press: ? - help, Shift-Dir - straight line, f/p - Pikel
Aim: Pikel, wielding a +2 whip of flaming and wearing a +0 robe (lightly wounded, chance to affect: 49%) Pikel resists with some effort.
Pikel barely misses you.
Fire: a) +1 sling
Press: ? - help, Shift-Dir - straight line, f/p - Pikel
Aim: Pikel, wielding a +2 whip of flaming and wearing a +0 robe (50% to hit)
You shoot a sling bullet. The sling bullet hits Pikel.
Pikel is lightly wounded.
Pikel misses you.
Fire: a) +1 sling
Press: ? - help, Shift-Dir - straight line, f/p - Pikel
Aim: Pikel, wielding a +2 whip of flaming and wearing a +0 robe (lightly wounded, 50% to hit)
You shoot a sling bullet. The sling bullet barely misses Pikel.
Pikel hits you with a +2 whip of flaming.
* * * LOW HITPOINT WARNING * * *
Pikel burns you.
* * * LOW HITPOINT WARNING * * *
Fire: a) +1 sling
Press: ? - help, Shift-Dir - straight line, f/p - Pikel
Aim: Pikel, wielding a +2 whip of flaming and wearing a +0 robe (lightly wounded, 50% to hit)
You shoot a sling bullet.
The sling bullet hits Pikel but does no damage.
Pikel is lightly wounded.
Pikel barely misses you.
Pikel hits you with a +2 whip of flaming!
You die...

#........
###+####........
#...............
..##...............
...................
...........K.>....#
..................#
........K##...#####
.......÷@#######.
.##...÷÷........
##.............
#.....########.
#.....# #.....#
##>...# #..).#
.....#


You could see Pikel.

Vanquished Creatures
  A necrophage (D:3)
  Crazy Yiuf (D:3)
  2 dart slugs (D:1)
  An orc (D:4)
  4 endoplasms
  4 giant cockroaches
  7 goblins
  4 hobgoblins
  8 jackals
  6 kobolds
  2 quokkas
  8 ball pythons
  6 bats
  2 frilled lizards (D:1)
  8 rats
64 creatures vanquished.

Vanquished Creatures (others)
  A fungus (D:1)
1 creature vanquished.

Grand Total: 65 creatures vanquished

Notes
Turn   | Place    | Note
-------+----------+-------------------------------------------
     0 | D:1      | Bnni the Formicid Hexslinger began the quest for the Orb.
     0 | D:1      | Reached XP level 1. HP: 15/15 MP: 2/2
   130 | D:1      | Reached XP level 2. HP: 16/21 MP: 3/3
   213 | D:1      | Reached skill level 4 in Hexes
   230 | D:1      | Reached skill level 1 in Fire Magic
   230 | D:1      | Reached XP level 3. HP: 23/26 MP: 4/4
   238 | D:1      | Learned a level 3 spell: Inner Flame
   272 | D:1      | Found a faded altar of an unknown god.
   283 | D:1      | Got Plato's Spellbook of Austromancy
  1007 | D:2      | Reached XP level 4. HP: 29/32 MP: 6/6
  1336 | D:3      | Found a sparkling altar of Nemelex Xobeh.
  1469 | D:3      | Found a hazy altar of Hepliaklqana.
  1796 | D:3      | Identified the amulet "Etycerog" {RegenMP rC++ rN+ Will+
                  | MP-9 Dex+2}
  1798 | D:3      | Found a stormy altar of Qazlal.
  1995 | D:3      | Found a runed translucent door.
  1996 | D:3      | Noticed Crazy Yiuf
  2015 | D:3      | Killed Crazy Yiuf
  2160 | D:4      | Noticed Pikel
  2160 | D:4      | Noticed a lemure
  2160 | D:4      | Noticed a lemure
  2160 | D:4      | Noticed a lemure
  2160 | D:4      | Noticed a lemure
  2190 | D:2      | HP: 1/33 [quokka (4)]
  2583 | D:3      | HP: 1/33 [lemure[Pikel] (5)]
  2720 | D:4      | Reached XP level 5. HP: 29/38 MP: 7/7
  2953 | D:4      | Slain by Pikel

Illustrated notes

Levels and vault maps discovered:
D:1:      wander_arrival_abandoned_jail, layout_basic,
          shapermc_ecumenical_altar_rom_forum, minmay_cupped
D:2:      layout_rooms
D:3:      layout_loops_corners, mainiacjoe_overflow_brackets,
          nicolae_hepliaklqana_hazy_memory, nemelex_xobeh_ov_fountains_minmay,
          chequers_serial_rivers_micro_e, minmay_diced_spiral,
          uniq_crazy_yiuf_cottage
D:4:      layout_gridville, kennysheep_little_box, pf_just_have_faith,
          minmay_temple_entry_trees, serial_shops, shop, uniq_pikel

Skill      XL: |  1  2  3  4  5 |
---------------+----------------+-----
Hexes          | 4 |  4.6
Fire Magic     | 1 2 |  2.4
Ranged Weapons | 3 |  3.1
Fighting       | |  1.9
Dodging        | |  1.7
Spellcasting   | |  1.9

Action                     |  1- 3 |  4- 6 || total
---------------------------+-------+-------++-------
   Fire: Sling             |   117 |    97 ||   214
  Throw: Dart              |       |     3 ||     3
   Cast: Slow              |       |    25 ||    25
         Inner Flame       |       |     3 ||     3
    Use: Scroll            |       |     4 ||     4
         Potion            |       |     1 ||     1
 Armour: Robe              |    30 |    53 ||    83
  Dodge: Dodged            |    48 |    94 ||   142

Table legend: (Time is in decaauts)
 A = Elapsed time spent in this place.
 B = Non-inter-level travel time spent in this place.
 C = Inter-level travel time spent in this place.
 D = Time resting spent in this place.
 E = Time spent auto-exploring this place.
 F = Levels seen in this place.
 G = Mean time per level.
                   A        B        C        D        E       F      G
               +--------+--------+--------+--------+--------+-----+--------+
         Total |   3015 |   2872 |    143 |    522 |   1689 |   4 |  753.8 |
       Dungeon |   3015 |   2872 |    143 |    522 |   1689 |   4 |  753.8 |
               +--------+--------+--------+--------+--------+-----+--------+

Top non-repeatable levels by time:
     D:3: 1464 daAuts
     D:1: 812 daAuts
     D:2: 575 daAuts
     D:4: 162 daAuts
